 Dungeon Crawl Stone Soup version 0.30-a0-852-g08b95dd62f (webtiles) character file.

Game seed: 6138650520223834551

3174 oldmanjim the Fighter (level 10, -14/85 HPs)
             Began as a Formicid Fighter on Mar 4, 2023.
             Was a Follower of Okawaru.
             Killed from afar by Erica (23 damage)
             ... with a bolt of poison
             ... on level 8 of the Dungeon.
             The game lasted 00:42:57 (7578 turns).

oldmanjim the Fighter (Formicid Fighter)            Turns: 7578, Time: 00:42:57

Health: -14/85     AC: 16    Str: 26    XL:     10   Next: 16%
Magic:  0/10       EV:  4    Int:  7    God:    Okawaru [*.....]
Gold:   263        SH: 14    Dex: 13    Spells: 9/9 levels left

rFire   . . .      SeeInvis +    b - +1 scythe
rCold   + . .      Faith    .    F - +0 tower shield
rNeg    . . .      Spirit   +    s - +1 plate armour
rPois   .          Reflect  .    (helmet unavailable)
rElec   .          Rampage  .    C - +0 cloak
rCorr   +                        j - +0 pair of gloves
Will    +....                    (no boots) Stlth
                                 i - amulet of guardian spirit
HPRegen 0.34/turn                q - ring of protection from cold
MPRegen 0.12/turn                A - ring of resist corrosion

@: lethally poisoned (-14 -> -26)
A: permanent stasis, dig shafts and tunnels, antennae 3, four strong arms
a: Dig, Shaft Self, Renounce Religion, Heroism


You were on level 8 of the Dungeon.
You worshipped Okawaru.
Okawaru was aware of your devotion.
You visited 2 branches of the dungeon, and saw 9 of its levels.
You also visited: Sewer.

You collected 263 gold pieces.

Inventory:

Hand Weapons
 a - the +1 sling of Xom's Anger {speed, Fly rElec rC+++ Int-4}
   (You found it on level 6 of the Dungeon)

   Int:       It affects your intelligence (-4).
   rC:        It renders you almost immune to cold.
   rElec:     It insulates you from electricity.
   Fly:       It grants you flight.
 b - a +1 scythe (weapon)
Missiles
 h - 32 stones (quivered)
 o - 5 javelins
 z - 11 poisoned darts
 E - 2 curare-tipped darts
Armour
 j - a +0 pair of gloves (worn)
 r - an orb of guile
 s - a +1 plate armour (worn)
 C - a +0 cloak (worn)
 F - a +0 tower shield (worn)
Jewellery
 i - an amulet of guardian spirit (around neck)
 q - a ring of protection from cold (left hand)
 A - a ring of resist corrosion (right hand)
Scrolls
 f - 2 scrolls of fog
 l - 2 scrolls of magic mapping
 n - a scroll of amnesia
 p - 2 scrolls of immolation
 D - a scroll of fear
Potions
 d - a potion of might
 e - 2 potions of curing
 k - a potion of mutation
 t - 6 potions of flight
 u - a potion of resistance
 v - 2 potions of attraction
 w - a potion of berserk rage
 x - a potion of magic
 G - a potion of brilliance {unknown}


   Skills:
 - Level 10.0 Fighting
 + Level 9.0 Polearms
 - Level 6.0 Armour
 + Level 6.5 Shields
 + Level 0.0 Invocations


You had 9 spell levels left.
You didn't know any spells.
Your spell library contained the following spells:

 Spells                   Type           Power      Damage    Failure   Level
 Slow                     Hex            0%         N/A       100%        1
 Confusing Touch          Hex            0%         N/A       100%        3
 Frozen Ramparts          Ice            0%         1d1       100%        3
 Gell's Gravitas          Tloc           0%         N/A       100%        3
 Vampiric Draining        Necr           0%         2d6       100%        3
 Ice Form                 Ice/Tmut       0%         N/A       100%        4
 Disjunction              Tloc           0%         N/A       100%        8
 Blink                    Tloc           Unusable   N/A       N/A         2
 Summon Ice Beast         Ice/Summ       Unusable   N/A       N/A         4

Dungeon Overview and Level Annotations

Branches:
Dungeon (8/15)             Temple (1/1) D:6           Sewer (visited)
   Lair: D:8-11

Altars:
Ashenzari
Dithmenos
Elyvilon
Fedhas
Gozag
Hepliaklqana
Kikubaaqudgha
Makhleb
Nemelex Xobeh
Okawaru
Qazlal
Ru
Sif Muna
Uskayaw
Vehumet
Wu Jian
Zin
The Shining One

Shops:
D:5 [   D:7 =

Annotations:
D:8 Erica


Innate Abilities, Weirdness & Mutations

You cannot be hasted, slowed, berserked, paralysed or teleported.
You can dig through walls and to a lower floor.
You have a pair of large antennae on your head. (SInv)
Your four strong arms can wield two-handed weapons with a shield.


Message History

You feel very sick.
A killer bee comes into view.
The white imp hits you but does no damage.
Erica hits you but does no damage.
You hit Erica but do no damage.
Erica is severely wounded.
You feel less confused.
You feel sick. You block the white imp's attack.
Erica hits you with a +1 scimitar of flaming.
* * * LOW HITPOINT WARNING * * *
Erica burns you.
* * * LOW HITPOINT WARNING * * *
You hit Erica.
Erica is severely wounded.
You feel sick.
The white imp hits you but does no damage.
Erica hits you but does no damage. The killer bee stings you.
* * * LOW HITPOINT WARNING * * *
You block the white imp's attack.
Erica hits you with a +1 scimitar of flaming.
* * * LOW HITPOINT WARNING * * *
Erica burns you.
* * * LOW HITPOINT WARNING * * *
You feel better.
The killer bee stings you but does no damage.
A killer bee comes into view.
You block the killer bee's attack. The white imp gestures at you.
The puff of frost hits you but does no damage.
You block Erica's attack. You block the killer bee's attack.
The white imp gestures at you.
The puff of frost hits you but does no damage.
You block Erica's attack. Erica attacks as you move away!
You block Erica's attack.
The killer bee stings you but does no damage.
Erica casts a spell at you. The bolt of poison hits you!!
You are lethally poisoned!
You die...

#.....# . ......
.. ## #....# +##
#..#.###....###..#
##................
#.................
.........5...../..
........@y........
.##.......@.......
#...##########.#
#### {


You could see Erica, a killer bee and a white imp.

Vanquished Creatures
  2 unseen horrors (D:6)
  A hornet (D:5)
  Grinder (D:6)
  Sigmund (D:3)
  Eustachio (D:5)
  4 yaks (D:7)
  Edmund (D:3)
  An ice beast (D:6)
  2 ogres (D:4)
  3 scorpions
  A howler monkey (D:7)
  A jelly (D:5)
  An orc priest (D:5)
  5 hounds
  Ijyb (D:4)
  An iguana (D:5)
  5 orc wizards
  A sleepcap (D:6)
  8 gnolls
  6 adders
  4 river rats (Sewer)
  A white imp (D:7)
  3 ufetubi
  8 worms
  23 orcs
  11 bats
  4 endoplasms
  5 giant cockroaches
  3 goblins
  6 hobgoblins
  6 jackals
  7 quokkas
  14 ball pythons
  6 frilled lizards
  4 kobolds
  2 rats (D:3)
154 creatures vanquished.

Notes
Turn   | Place    | Note
-------+----------+-------------------------------------------
     0 | D:1      | oldmanjim the Formicid Fighter began the quest for the Orb.
     0 | D:1      | Reached XP level 1. HP: 18/18 MP: 1/1
   123 | D:1      | Reached XP level 2. HP: 23/24 MP: 2/2
   753 | D:2      | Reached XP level 3. HP: 29/29 MP: 3/3
  1145 | D:2      | Reached XP level 4. HP: 37/37 MP: 4/4
  1216 | D:2      | Reached skill level 5 in Shields
  1314 | D:2      | Upgraded the game from 0.30-a0-847-g17996783a1 to
                  | 0.30-a0-852-g08b95dd62f
  1337 | D:3      | Noticed Sigmund
  1359 | D:3      | Killed Sigmund
  1360 | D:3      | Reached skill level 4 in Fighting
  1360 | D:3      | Reached XP level 5. HP: 28/43 MP: 2/5
  1360 | D:3      | Reached XP level 6. HP: 32/49 MP: 2/6
  1451 | D:3      | Found a glowing drain.
  1498 | Sewer    | Entered a sewer
  1718 | Sewer    | Reached skill level 5 in Fighting
  1849 | Sewer    | Reached skill level 5 in Armour
  2184 | Sewer    | Reached XP level 7. HP: 45/56 MP: 7/7
  2660 | D:3      | Got the Textbook on Distance
  2739 | D:3      | Found a faded altar of an unknown god.
  3007 | D:4      | Noticed Ijyb
  3017 | D:4      | Killed Ijyb
  3194 | D:4      | Noticed Edmund
  3268 | D:3      | HP: 2/56 [poisoned by Edmund]
  3272 | D:3      | Killed Edmund
  3881 | D:4      | Reached skill level 6 in Fighting
  3881 | D:4      | Reached XP level 8. HP: 42/64 MP: 6/8
  3887 | D:4      | Reached skill level 5 in Polearms
  4195 | D:5      | Entered Level 5 of the Dungeon
  4258 | D:5      | Noticed a hornet
  4271 | D:5      | Killed a hornet
  4272 | D:5      | Reached skill level 7 in Fighting
  4687 | D:5      | Found Kaptisiu's Antique Armour Shoppe.
  4797 | D:5      | Found a blossoming altar of Fedhas.
  4810 | D:5      | Found a shadowy altar of Dithmenos.
  4813 | D:5      | Noticed Eustachio
  4845 | D:5      | Killed Eustachio
  4846 | D:5      | Reached XP level 9. HP: 52/74 MP: 6/9
  5629 | D:6      | Identified the +1 sling of Xom's Anger {speed, Fly rElec
                  | rC+++ Int-4}
  5657 | D:6      | Reached skill level 8 in Fighting
  5764 | D:6      | Noticed an unseen horror
  5770 | D:6      | Noticed an unseen horror
  5777 | D:6      | Killed an unseen horror
  5779 | D:6      | Killed an unseen horror
  5780 | D:6      | Reached skill level 9 in Fighting
  5978 | D:6      | Found a shimmering blue altar of Sif Muna.
  5980 | D:6      | Found a sparkling altar of Nemelex Xobeh.
  5985 | D:6      | Noticed Grinder
  6023 | D:6      | Killed Grinder
  6124 | D:6      | Found a staircase to the Ecumenical Temple.
  6134 | Temple   | Entered the Ecumenical Temple
  6400 | Temple   | Became a worshipper of Warmaster Okawaru
  6967 | D:7      | Reached skill level 10 in Fighting
  6967 | D:7      | Reached XP level 10. HP: 85/85 MP: 10/10
  7086 | D:7      | Reached * piety under Okawaru
  7164 | D:7      | Found Koippet's Jewellery Shoppe.
  7551 | D:8      | Noticed Erica
  7575 | D:8      | HP: 4/85 [Erica/+1 scimitar of flaming (4)]
  7578 | D:8      | Killed from afar by Erica

Illustrated notes

Levels and vault maps discovered:
D:1:      saegor_arrival_fortress, layout_basic
D:2:      layout_rooms
D:3:      layout_rooms, cheibrodos_sewer_entry_bend,
          hellmonk_ecumenical_altar_arch_garden, minmay_misc_feat_columns,
          ebering_dispersal_statue_hall, minmay_misc_feat_room, uniq_sigmund
D:4:      layout_gridville, uniq_ijyb, uniq_edmund
D:5:      layout_layer_cave, grunt_dithmenos_smoke_and_mirrors,
          lemuel_tele_altar, serial_shops, kennysheep_mini,
          chequers_serial_rivers_room_b, uniq_eustachio
D:6:      minmay_cornered_nines, layout_cave_pools,
          nicolae_overflow_hidden_temple, temple_statues,
          kennysheep_generic_room_10, uniq_grinder
D:7:      layout_loops_ring, serial_shops, shop_fountains
D:8:      hellmonk_destroyed_diamonds, layout_gridville, slow_altar_1,
          due_unseen_surprise, uniq_gastronok, uniq_psyche, uniq_erica
Temple:   minmay_temple_curvy_branch

Skill      XL: |  1  2  3  4  5  6  7  8  9 10 |
---------------+-------------------------------+-----
Shields        | 5 6 |  6.5
Fighting       | 4 5 6 7 10 | 10.0
Polearms       | 3 4 6 8 9 |  9.0
Armour         | 4 5 6 |  6.0

Action                     |  1- 3 |  4- 6 |  7- 9 | 10-12 || total
---------------------------+-------+-------+-------+-------++-------
  Melee: Trident           |   128 |   224 |   127 |       ||   479
         Halberd           |       |       |   184 |    47 ||   231
   Fire: Sling             |       |       |    11 |       ||    11
  Throw: Stone             |       |       |    13 |    18 ||    31
         Javelin           |       |       |     2 |       ||     2
Ability: Dig               |       |       |     2 |       ||     2
    Use: Scroll            |       |       |    17 |     2 ||    19
         Potion            |       |       |     4 |     1 ||     5
   Stab: Distracted        |     1 |       |       |       ||     1
 Armour: Scale mail        |    79 |       |       |       ||    79
         Plate armour      |       |   135 |   191 |    16 ||   342
  Dodge: Dodged            |    60 |    64 |    80 |     5 ||   209
  Block: Buckler           |    31 |    61 |    60 |       ||   152
         Tower shield      |       |       |    34 |    29 ||    63

Table legend: (Time is in decaauts)
 A = Elapsed time spent in this place.
 B = Non-inter-level travel time spent in this place.
 C = Inter-level travel time spent in this place.
 D = Time resting spent in this place.
 E = Time spent auto-exploring this place.
 F = Levels seen in this place.
 G = Mean time per level.
                   A        B        C        D        E       F      G
               +--------+--------+--------+--------+--------+-----+--------+
         Total |   7907 |   7686 |    221 |    790 |   4821 |  10 |  790.7 |
       Dungeon |   6415 |   6236 |    179 |    581 |   4207 |   8 |  801.9 |
        Temple |    288 |    246 |     42 |      0 |    244 |   1 |  288.0 |
         Sewer |   1203 |   1203 |      0 |    209 |    369 |   1 | 1203.0 |
               +--------+--------+--------+--------+--------+-----+--------+

Top non-repeatable levels by time:
     D:5: 1441 daAuts
   Sewer: 1203 daAuts
     D:4: 1059 daAuts
     D:7: 921 daAuts
     D:3: 856 daAuts
     D:6: 759 daAuts
     D:2: 674 daAuts
     D:1: 669 daAuts
  Temple: 288 daAuts
     D:8: 33 daAuts
